 Dungeon Crawl Stone Soup version 0.30-a0-737-gf23d94013f (webtiles) character file.

Game seed: 13315675334175136644

872 flickminster the Cudgeller (level 7, -11/61 HPs)
             Began as a Minotaur Berserker on Feb 1, 2023.
             Was a Priest of Trog.
             Mangled by Valagong's ghost (16 damage)
             ... on level 5 of the Dungeon.
             The game lasted 00:22:02 (3363 turns).

flickminster the Cudgeller (Minotaur Berserker)     Turns: 3363, Time: 00:22:03

Health: -11/61     AC: 12    Str: 23    XL:     7   Next: 74%
Magic:  6/6        EV:  9    Int:  4    God:    Trog [***...]
Gold:   315        SH:  0    Dex: 10    Spells: 6/6 levels left

rFire   x . .      SeeInvis .    g - +2 whip (venom)
rCold   . . .      Faith    .    (no shield)
rNeg    . . .      Spirit   .    n - +1 chain mail {Will+}
rPois   .          Reflect  .    (helmet restricted)
rElec   .          Harm     .    (no cloak)
rCorr   .          Rampage  .    t - +0 pair of gloves
Will    +++..                    (no boots) Stlth
                                 (no amulet)
HPRegen 1.30/turn                (no ring)
MPRegen 0.10/turn                (no ring)

@: strong-willed, attractive, regenerating
A: horns 2, retaliatory headbutt, heat vulnerability 1
a: Renounce Religion, Berserk, Trog's Hand


You were on level 5 of the Dungeon.
You worshipped Trog.
Trog was most pleased with you.
You visited 1 branch of the dungeon, and saw 5 of its levels.

You collected 315 gold pieces.

Inventory:

Hand Weapons
 a - a +0 hand axe
 g - a +2 whip of venom (weapon)
 q - a +1 dagger of venom
 z - a +1 short sword of protection
Missiles
 d - 39 stones (quivered)
Armour
 b - a +0 animal skin
 e - a +0 chain mail
 l - a +0 leather armour
 n - a +1 chain mail of willpower (worn)
 t - a +0 pair of gloves (worn)
 B - a +0 barding
Wands
 D - a wand of flame (11)
Scrolls
 f - a scroll of enchant weapon
 j - 2 scrolls of amnesia
 k - 2 scrolls of enchant armour
 m - 2 scrolls of teleportation {unknown}
 p - a scroll of acquirement {unknown}
 s - a scroll of fog {unknown}
 w - a scroll of fear {unknown}
 x - 2 scrolls of magic mapping {unknown}
 y - a scroll of identify
Potions
 c - a potion of degeneration {unknown}
 h - a potion of mutation
 i - 2 potions of flight {unknown}
 o - 2 potions of might {unknown}
 r - 3 potions of lignification {unknown}
 u - a potion of resistance {unknown}
 v - 2 potions of curing {unknown}
 A - a potion of attraction
 C - a potion of invisibility {unknown}


   Skills:
 + Level 5.5 Fighting
 + Level 2.0 Short Blades
 - Level 4.5(6.4) Axes
 * Level 7.0(7.6) Maces & Flails
 + Level 4.9 Armour
 + Level 3.3 Dodging


You had 6 spell levels left.
You didn't know any spells.
Your spell library was empty.

Dungeon Overview and Level Annotations

Branches:
Dungeon (5/15)
 Temple: D:4-7

Altars:
Makhleb
Ru
The Shining One

Shops:
D:5 *

Annotations:
D:5 Valagong's ghost, novice MiFi


Innate Abilities, Weirdness & Mutations

You have a pair of horns on your head.
You reflexively headbutt those who attack you in melee.
You are vulnerable to heat. (rF-)


Message History

You headbutt Valagong's ghost, but do no damage.
Valagong's ghost is heavily damaged.
Valagong's ghost hits you!
You hit Valagong's ghost but do no damage.
Valagong's ghost is heavily damaged.
You hit Valagong's ghost but do no damage.
Valagong's ghost is heavily damaged.
Your skin stops crawling.
You feel less strong-willed. Valagong's ghost hits you.
* * * LOW HITPOINT WARNING * * *
You hit Valagong's ghost but do no damage.
Valagong's ghost is heavily damaged.
Valagong's ghost hits you!
* * * LOW HITPOINT WARNING * * *
It was a potion of attraction.
You feel attractive to monsters.
Valagong's ghost hits you but does no damage.
Unknown command.
You closely miss Valagong's ghost.
Valagong's ghost is heavily damaged.
You completely miss Valagong's ghost. Your headbutt misses Valagong's ghost.
Valagong's ghost is heavily damaged.
Valagong's ghost hits you!
* * * LOW HITPOINT WARNING * * *
It was a potion of mutation.
You feel extremely strange.
You feel vulnerable to heat. Valagong's ghost hits you.
* * * LOW HITPOINT WARNING * * *
Okay, then.
Your skin crawls.
You feel strong-willed. Valagong's ghost completely misses you.
Okay, then.
Valagong's ghost attacks as you move away!
Valagong's ghost hits you.
* * * LOW HITPOINT WARNING * * *
Valagong's ghost hits you.
* * * LOW HITPOINT WARNING * * *
Valagong's ghost hits you!
You die...

#.##.≈≈≈##.......###..#.
#.#.~~~###......###..#..
#.'..._∩##.....####.##..
###.~~~###..######).....
##.~≈≈##.######.......
###########.....#####
#......#...#...# #
#.W......###...#####
#..@...### ##'##....
######## #.?.#.###
#♣8♣### ##### #.#
#.######## ##.#.......
#....###### ######


You could see Valagong's ghost.

Vanquished Creatures
  A black bear (D:5)
  4 ogres (D:5)
  A phantom (D:5)
  4 hounds (D:5)
  An orc priest (D:5)
  An iron imp (D:5)
  Jessica (D:2)
  An iguana (D:5)
  An orc wizard (D:3)
  A mummy (D:5)
  4 adders
  A white imp (D:5)
  2 worms
  12 orcs
  4 endoplasms
  4 giant cockroaches
  6 hobgoblins
  4 quokkas
  4 ball pythons
  4 bats (D:1)
  3 frilled lizards
  4 goblins
  A hobgoblin zombie (D:5)
  4 kobolds
  3 orc zombies (D:5)
  3 rats
79 creatures vanquished.

Notes
Turn   | Place    | Note
-------+----------+-------------------------------------------
     0 | D:1      | flickminster the Minotaur Berserker began the quest for the
                  | Orb.
     0 | D:1      | Reached XP level 1. HP: 19/19 MP: 0/0
   240 | D:1      | Reached XP level 2. HP: 27/27 MP: 1/1
   801 | D:2      | Noticed Jessica
   804 | D:2      | Reached skill level 1 in Maces & Flails
   806 | D:2      | Reached XP level 3. HP: 30/33 MP: 2/2
   819 | D:2      | Killed Jessica
   819 | D:2      | Reached ** piety under Trog
   820 | D:2      | Reached skill level 2 in Maces & Flails
   820 | D:2      | Reached XP level 4. HP: 28/41 MP: 3/3
  1450 | D:3      | Found a glowing golden altar of the Shining One.
  1461 | D:3      | Reached skill level 3 in Maces & Flails
  1468 | D:3      | Reached XP level 5. HP: 47/47 MP: 4/4
  2341 | D:4      | You fall into a shaft and drop 1 floor!
  2341 | D:5      | Entered Level 5 of the Dungeon
  2450 | D:5      | Noticed an ogre
  2455 | D:5      | Reached skill level 4 in Maces & Flails
  2456 | D:5      | Killed an ogre
  2457 | D:5      | Reached skill level 5 in Maces & Flails
  2457 | D:5      | Reached XP level 6. HP: 55/55 MP: 5/5
  2488 | D:5      | Found a runed translucent door.
  2489 | D:5      | Noticed Valagong's ghost (novice MiFi)
  2493 | D:5      | Reached skill level 6 in Maces & Flails
  2670 | D:5      | Reached skill level 5 in Fighting
  2681 | D:5      | Reached *** piety under Trog
  2682 | D:5      | Reached XP level 7. HP: 59/61 MP: 6/6
  2752 | D:5      | Reached skill level 1 in Short Blades
  2855 | D:5      | Found a sacrificial altar of Ru.
  3127 | D:5      | Found Qixixt's Mayhem Merchandise.
  3208 | D:5      | Found a burning altar of Makhleb.
  3215 | D:5      | Reached skill level 7 in Maces & Flails
  3354 | D:5      | HP: 2/61 [Valagong's ghost (11)]
  3355 | D:5      | Gained mutation: You are vulnerable to heat. (rF-) [potion
                  | of mutation]
  3361 | D:5      | HP: 3/61 [Valagong's ghost (4)]
  3363 | D:5      | Mangled by Valagong's ghost

Illustrated notes

Levels and vault maps discovered:
D:1:      lemuel_arrival_hallway, layout_loops_cross
D:2:      layout_basic, uniq_jessica
D:3:      layout_rooms, amcnicky_altar_gilded
D:4:      layout_loops_ring, kennysheep_nondescript, dk_rats_in_the_wall
D:5:      layout_rooms, nicolae_ru_sacrificial_ziggurat, makhleb_grotto_becter,
          gammafunk_ghost_grave, dk_noncrumbling_3, minmay_shop_mayhem,
          minivault_1, minmay_mini_ossuary

Skill      XL: |  1  2  3  4  5  6  7 |
---------------+----------------------+-----
Axes           | 4 |  4.5
Fighting       | 4 5 |  5.5
Maces & Flails | 1 2 3 5 6 7 |  7.0
Armour         | 3 4 |  4.9
Short Blades   | 2 |  2.0
Dodging        | 3 |  3.3

Action                     |  1- 3 |  4- 6 |  7- 9 || total
---------------------------+-------+-------+-------++-------
  Melee: Hand axe          |    13 |       |       ||    13
         Whip              |    31 |    98 |    64 ||   193
         Headbutt          |     3 |    15 |    17 ||    35
         Punch             |     1 |       |     1 ||     2
  Throw: Stone             |       |       |     3 ||     3
 Invoke: Berserk           |     1 |     2 |     1 ||     4
         Trog's Hand       |       |       |     2 ||     2
    Use: Scroll            |       |     3 |       ||     3
         Potion            |       |       |     2 ||     2
 Armour: Chain mail        |    19 |    43 |    10 ||    72
  Dodge: Dodged            |    19 |    21 |    22 ||    62

Table legend: (Time is in decaauts)
 A = Elapsed time spent in this place.
 B = Non-inter-level travel time spent in this place.
 C = Inter-level travel time spent in this place.
 D = Time resting spent in this place.
 E = Time spent auto-exploring this place.
 F = Levels seen in this place.
 G = Mean time per level.
                   A        B        C        D        E       F      G
               +--------+--------+--------+--------+--------+-----+--------+
         Total |   3365 |   3282 |     83 |    325 |   1826 |   5 |  673.0 |
       Dungeon |   3365 |   3282 |     83 |    325 |   1826 |   5 |  673.0 |
               +--------+--------+--------+--------+--------+-----+--------+

Top non-repeatable levels by time:
     D:5: 1014 daAuts
     D:4: 711 daAuts
     D:1: 708 daAuts
     D:2: 492 daAuts
     D:3: 439 daAuts
